Arrhythmia, chaotic female vampiric Convict ---- --..-- --- --....| --.-- # |....-- |....### ---.|.%----..[| ######## |...|-.@aa..--- # ------(-------.a.--- -----.--...| ----.|...| |.........-|- .|..*|.-.--- --.........|...|.-.......| ---.........- |.........--- |.....<..-- |...........-- -- ---.....-- |.........- .| ...-- -.....| --..-...............- ......- |....(.........-- ........ |.............-- .........- |.--.........-- -......---- -- |.---....-- ....---- |. ...... ----- |. ------- --- Arrhythmia the Jail-bird Experience level: 7 Strength: 17 Dexterity: 15 Constitution: 17 Intelligence: 11 Wisdom: 7 Charisma: 8 Health: 0(55) Energy: 39(39) AC: 6 Gold: 599 Moves: 1974 Your Inventory: Coins $ - 599 gold pieces Amulets q - a [cursed] spiked amulet [versus poison] Armor b - an uncursed +0 striped shirt i - an [uncursed +0] pair of mud boots [elven] k - an [uncursed] +0 hard hat [dwarvish iron helm] (being worn) m - an [uncursed] +0 pair of hard shoes [iron] (being worn) Scrolls r - an [uncursed] scroll labeled ABRA KA DABRA [of identify] s - an [uncursed] scroll labeled ACHAT SHTAYIM SHALOSH [of enchant weapon] Wands f - an [uncursed] wand called Cancellation NO HOLD [of cancellation (0:2)] Tools j - an [uncursed +0] pick-axe n - an [uncursed] skeleton key p - an [uncursed] towel Gems t - an [uncursed] stone called Flintluck [flint] Iron balls c - an [uncursed] heavy iron ball (chained to you) (weapon in hand) Spells known in the end: Name Level Category Fail Memory Your skills at the end: Fighting Skills Weapon Skills sling [Basic / Skilled] Spellcasting Skills Final Attributes: You were devoutly aligned. Hunger level was 584. Your alignment was 19 / 19. Monster difficulty range was 1 - 6. Level difficulty was 6. You were immune to poison. You were immune to level-drain. You were immune to sickness. You were punished. You could fly. You could survive without air. You regenerated. Your luck was zero. You are dead. Vanquished creatures: a dwarf king a snow ant 4 gnome lords a gnomish wizard a red naga hatchling a baby crocodile 4 giant ants 7 dwarves a monkey a werejackal an acid blob a coyote a gas spore 3 hobbits a large kobold 31 gnomes a gecko a kobold 7 grid bugs 2 kobold zombies 7 newts 78 creatures vanquished. Voluntary challenges: You went without food. You never hit with a wielded weapon. You read items or engraved 3 times. You put on armor 3 times. You never genocided any monsters. You never polymorphed an object. You never changed form. You used no wishes. You abstained from Elbereth's help. You never encountered a bones level. You never used any Sokoban shortcuts. Dungeon overview: The Dungeons of Doom: levels 1 to 3 Level 1 a long staircase Level 3 some fountains stairs to The Gnomish Mines The Gnomish Mines: levels 4 to 6 Level 4 stairs to The Dungeons of Doom Level 6 <- You were here History has recorded: On T:1 you entered the Dungeons of Doom to retrieve the Amulet of Yendor! On T:140 you reached level 2 of The Dungeons of Doom. On T:331 you advanced to experience level 2. On T:781 you advanced to experience level 3. On T:861 you reached level 3 of The Dungeons of Doom. On T:1263 you advanced to experience level 4. On T:1279 you reached level 1 of The Gnomish Mines. On T:1297 you advanced to experience level 5. On T:1392 you advanced to experience level 6. On T:1577 you reached level 2 of The Gnomish Mines. On T:1716 you advanced to experience level 7. On T:1877 you reached level 3 of The Gnomish Mines. Latest messages: $ - 323 gold pieces. There are several more objects here. The snow ant bites! (2x) You're covered in frost! The snow ant bites! (2x) You're covered in frost! [HP-16=39] [HP+1=40] The snow ant just misses! The snow ant bites! You're covered in frost! The snow ant bites! The snow ant just misses! [HP-8=32] [HP+1=33] You miss the snow ant. (2x) The snow ant bites! (2x) You're covered in frost! The snow ant bites! (2x) You're covered in frost! [HP-20=13] You kill the snow ant! [HP+1=14] You hit the snow ant. You bite the snow ant. The snow ant bites! (2x) You're covered in frost! You die... (2x) Final status: Goodbye Arrhythmia the Convict... You died in The Gnomish Mines on dungeon level 6 with 2884 points, and 599 pieces of gold, after 1974 moves. You were level 7 with a maximum of 55 hit points when you died.